 Dungeon Crawl Stone Soup version 0.26.1-11-gd32895ea62 (webtiles) character file.

Game seed: 942011019120871163

2583 KamiKatze the Cleaver (level 9, -27/65 HPs)
             Began as a Merfolk Berserker on Apr 27, 2021.
             Was a High Priest of Trog.
             Annihilated by a large slime creature (36 damage)
             ... on level 6 of the Dungeon.
             The game lasted 00:30:00 (6687 turns).

KamiKatze the Cleaver (Merfolk Berserker)           Turns: 6687, Time: 00:30:01

Health: -27/65     AC: 12    Str: 20    XL:     9   Next: 58%
Magic:  9/9        EV: 11    Int:  7    God:    Trog [*****.]
Gold:   309        SH:  0    Dex: 13    Spells: 8/8 levels left

rFire    . . .     SeeInvis .   a - +0 war axe
rCold    + . .     Faith    .   (no shield)
rNeg     . . .     Spirit   .   y - +2 scale mail {rC+}
rPois    .         Reflect  .   u - +0 helmet
rElec    .         Harm     .   c - +2 cloak
rCorr    +         Rampage  .   (no gloves)
Will     .....                  (no boots)
Stlth    ..........             (no amulet)
HPRegen  0.20/turn              i - ring of resist corrosion
MPRegen  0.11/turn              A - +4 ring of slaying

@: no status effects
A: change form in water, swift swim, stealthy swim
a: Renounce Religion, Berserk, Trog's Hand, Brothers in Arms


You were on level 6 of the Dungeon.
You worshipped Trog.
Trog was extremely pleased with you.
You visited 2 branches of the dungeon, and saw 7 of its levels.
You also visited: Ossuary.

You collected 309 gold pieces.

Inventory:

Hand Weapons
 a - a +0 war axe (weapon)
 d - the +9 dagger of Supply {antimagic, +Inv rElec rPois Dex-4}
   (You found it on level 4 of the Dungeon)

   It reduces the magical energy of the wielder, and disrupts the spells and
   magical abilities of those hit.
   Natural abilities and divine invocations are not affected.
   It affects your dexterity (-4).
   It insulates you from electricity.
   It protects you from poison.
   It lets you turn invisible.
 h - a +0 trident
 C - a +1 spear of venom
Missiles
 b - 15 poisoned darts (quivered)
 e - 154 stones
Armour
 c - a +2 cloak (worn)
 o - a +1 cloak
 u - a +0 helmet (worn)
 y - a +2 scale mail of cold resistance (worn)
 z - a +0 chain mail
Jewellery
 i - a ring of resist corrosion (left hand)
 A - a +4 ring of slaying (right hand)
 B - an uncursed ring of protection from cold {unknown}
Scrolls
 f - a scroll of magic mapping
 g - 4 scrolls of remove curse
 j - a scroll of amnesia
 k - 7 scrolls of teleportation
 l - a scroll of immolation {unknown}
 p - 2 scrolls of enchant weapon {unknown}
 r - a scroll of fear
 s - a scroll of blinking {unknown}
 v - 5 scrolls of identify
 D - a scroll of enchant armour {unknown}
Potions
 m - 3 potions of might
 n - a potion of haste
 q - 2 potions of lignification
 t - 6 potions of curing
 w - a potion of cancellation
 x - 2 potions of heal wounds


   Skills:
 + Level 4.2 Fighting
 * Level 10.2 Axes
 - Level 2.0 Throwing
 + Level 2.2 Armour
 + Level 3.3 Dodging
 * Level 1.4 Evocations


You had 8 spell levels left.
You didn't know any spells.
Your spell library was empty.

Dungeon Overview and Level Annotations

Branches:
Dungeon (6/15)             Temple (1/1) D:6         Ossuary (visited)

Altars:
Ashenzari
Cheibriados
Dithmenos
Elyvilon
Gozag
Hepliaklqana
Kikubaaqudgha
Makhleb
Nemelex Xobeh
Okawaru
Qazlal
Ru
Sif Muna
Trog
Uskayaw
Wu Jian
Xom
Yredelemnul
Zin
The Shining One

Shops:
D:6 [


Message History

The large slime creature hits you but does no damage.
You slash the large slime creature!
The large slime creature is heavily wounded.
The jelly jiggles.
The large slime creature closely misses you.
You hit the large slime creature.
The large slime creature is heavily wounded.
The large slime creature closely misses you.
You hit the large slime creature.
The large slime creature is heavily wounded.
The large slime creature hits you!!
* * * LOW HITPOINT WARNING * * *
You barely miss the large slime creature.
The large slime creature is heavily wounded.
The large slime creature hits you but does no damage.
You slash the large slime creature!
The large slime creature is severely wounded.
The large slime creature hits you!!!
Ouch! That really hurt!
You die...

##########
!..P.....#
.....P.÷.#
....JP...#
.÷÷JJ....#
.PJ.JP.J.#
JPJP÷J...#
#######J# ##
##..@JJJ##
.##
#.########
..#
##..'....#
#)#
####.)..#
#†##
#.......#
#).####
#.......#
......#
#.......##.#
..#...#
#.......##.#
⌠.#...#
##.....###.#


You could see a large slime creature and 3 jellies.

Vanquished Creatures
  A water moccasin (D:5)
  A black bear (D:6)
  A phantom (D:6)
  An ice beast (D:5)
  5 centaurs
  7 ogres
  2 big kobolds
  A bullfrog (D:6)
  A water moccasin zombie (D:5)
  3 jellies
  3 orc priests (D:5)
  3 hounds
  A bullfrog skeleton (D:5)
  An iguana (D:4)
  7 orc wizards
  2 worker ants (D:5)
  3 big kobold zombies (Ossuary)
  2 mummies (Ossuary)
  A hound skeleton (D:5)
  Robin (D:3)
  2 worker ant zombies
  6 gnolls
  4 adders
  2 shadow imps (D:5)
  2 oozes
  2 adder skeletons
  5 adder zombies (Ossuary)
  2 dart slugs
  2 worms
  5 leopard geckos
  21 orcs
  6 bats
  2 giant cockroaches
  16 goblins
  5 hobgoblins
  3 jackals (D:2)
  15 kobolds
  2 quokkas (D:5)
  5 ball pythons
  2 frilled lizards
  4 gnoll zombies (Ossuary)
  4 hobgoblin zombies (Ossuary)
  3 kobold zombies (Ossuary)
  7 orc zombies (Ossuary)
  6 rats
180 creatures vanquished.

Vanquished Creatures (others)
  7 fungi (D:6)
  3 plants (D:3)
  7 toadstools (D:6)
17 creatures vanquished.

Grand Total: 197 creatures vanquished

Notes
Turn   | Place    | Note
-------+----------+-------------------------------------------
     0 | D:1      | KamiKatze the Merfolk Berserker began the quest for the
                  | Orb.
     0 | D:1      | Reached XP level 1. HP: 18/18 MP: 1/1
    84 | D:1      | Reached XP level 2. HP: 14/24 MP: 2/2
   986 | D:2      | Found a sacrificial altar of Ru.
  1090 | D:2      | Reached XP level 3. HP: 29/29 MP: 3/3
  1317 | D:2      | Reached skill level 3 in Axes
  1449 | D:2      | Reached ** piety under Trog
  1516 | D:2      | Noticed a centaur
  1523 | D:2      | Killed a centaur
  1524 | D:2      | Reached XP level 4. HP: 3/37 MP: 4/4
  1524 | D:2      | Reached XP level 5. HP: 3/42 MP: 5/5
  2272 | D:3      | Noticed Robin
  2293 | D:3      | Killed Robin
  2396 | D:3      | Found a shimmering altar of Xom.
  2740 | D:4      | Reached skill level 4 in Axes
  2744 | D:4      | Reached XP level 6. HP: 47/48 MP: 6/6
  2793 | D:4      | Found a snail-covered altar of Cheibriados.
  2825 | D:4      | Found a hazy altar of Hepliaklqana.
  2856 | D:4      | Found a sand-covered staircase.
  2865 | Ossuary  | Entered an ossuary
  2876 | Ossuary  | Reached skill level 5 in Axes
  2908 | Ossuary  | Reached *** piety under Trog
  3216 | Ossuary  | Reached XP level 7. HP: 33/54 MP: 7/7
  3530 | D:4      | Found a glowing silver altar of Zin.
  3740 | D:4      | Got a masterwork dagger
  3741 | D:4      | Identified the +9 dagger of Supply {antimagic, +Inv rElec
                  | rPois Dex-4} (You found it on level 4 of the Dungeon)
  3927 | D:4      | Found a white marble altar of Elyvilon.
  3937 | D:4      | Reached skill level 6 in Axes
  4347 | D:5      | Entered Level 5 of the Dungeon
  4447 | D:5      | Found a stormy altar of Qazlal.
  4454 | D:5      | Reached skill level 7 in Axes
  4454 | D:5      | Reached XP level 8. HP: 18/60 MP: 8/8
  4685 | D:5      | Reached **** piety under Trog
  4838 | D:5      | Found an ornate altar of the Wu Jian Council.
  5065 | D:5      | Reached skill level 8 in Axes
  5147 | D:5      | Found an iron altar of Okawaru.
  5359 | D:5      | Reached skill level 9 in Axes
  5522 | D:5      | Reached XP level 9. HP: 46/65 MP: 9/9
  5918 | D:6      | Found Murymid's Armour Shoppe.
  5978 | D:6      | Found a shadowy altar of Dithmenos.
  6017 | D:6      | Reached ***** piety under Trog
  6360 | D:6      | Reached skill level 10 in Axes
  6418 | D:6      | Reached skill level 1 in Evocations
  6439 | D:6      | Found a staircase to the Ecumenical Temple.
  6454 | Temple   | Entered the Ecumenical Temple
  6687 | D:6      | Annihilated by a large slime creature

Illustrated notes

Levels and vault maps discovered:
D:1:      minmay_arrival_five_plusses, layout_loops_ring,
          roderic_nine_men_s_morris, hex_large
D:2:      layout_basic, lemuel_crystal_altar, chequers_serial_rivers_large_a
D:3:      layout_basic, overflow_temple_1_default, serial_bayou_ford_a,
          minmay_statues_item, uniq_robin
D:4:      layout_loops_ring, elyvilon_altar_5, kennysheep_little_box,
          nicolae_overflow_hidden_temple, nicolae_ossuary_entry_plus
D:5:      layout_rooms, okawaru_ov_weapons_minmay,
          nicolae_qazlal_general_emergency, pdpol_wu_jian_five_deadly_venoms,
          minmay_quadrilaterals
D:6:      cheibrodos_fertilizer, layout_basic, nicolae_dithmenos_shadow_blocks,
          minmay_temple_entry_junction_2, serial_shops, shop,
          minmay_diced_spiral
Temple:   compressed_dpeg_circular_temple

Skill      XL: |  1  2  3  4  5  6  7  8  9 |
---------------+----------------------------+-----
Dodging        | 3 |  3.3
Axes           | 3 4 5 7 9 10 | 10.2
Fighting       | 4 |  4.2
Throwing       | 2 |  2.0
Armour         | 2 |  2.2
Evocations     | 1 |  1.4

Action                   |  1- 3 |  4- 6 |  7- 9 || total
-------------------------+-------+-------+-------++-------
Melee: Hand axe          |   122 |   193 |   304 ||   619
       War axe           |       |       |    44 ||    44
Throw: Dart              |       |       |     2 ||     2
Invok: Berserk           |     1 |     4 |     5 ||    10
       Trog's Hand       |       |     1 |     2 ||     3
  Use: Scroll            |       |     5 |     7 ||    12
 Stab: Sleeping          |     1 |       |       ||     1
Armor: Animal skin       |    14 |       |       ||    14
       Leather armour    |    31 |    58 |       ||    89
       Scale mail        |       |       |   133 ||   133
Dodge: Dodged            |    83 |   129 |   160 ||   372
